 Dungeon Crawl Stone Soup version 0.21-a0-244-gd4adca8 (webtiles) character file.

87 Chiseanne the Ducker (level 4, -3/22 HPs)
             Began as a Spriggan Wanderer on Sept 5, 2017.
             Slain by a killer bee (9 damage)
             ... on level 4 of the Dungeon.
             The game lasted 00:08:32 (3233 turns).

Chiseanne the Ducker (Spriggan Wanderer)            Turns: 3233, Time: 00:08:33

Health: -3/22      AC:  2    Str: 13    XL:     4   Next: 28%
Magic:  8/8        EV: 18    Int: 12    God:
Gold:   192        SH:  0    Dex: 12    Spells: 5/8 levels left

rFire    + . .     SeeInvis +   l - +0 short sword
rCold    + . .     Gourm    .   (shield restricted)
rNeg     . . .     Faith    .   b - +0 robe
rPois    .         Spirit   .   (helmet restricted)
rElec    .         Reflect  .   c - scarf {rC+ rF+}
rCorr    .         Harm     .   (gloves unavailable)
MR       .....                  (boots unavailable)
Stlth    +++.......             (no amulet)
HPRegen  0.07/turn              n - ring of stealth
MPRegen  0.11/turn              (no ring)

@: lethally poisoned (-3 -> -7), very quick
A: unfitting armour, see invisible, herbivore 3, speed 3, slow metabolism 2
a: no special abilities


You were on level 4 of the Dungeon.
You were full.

You visited 1 branch of the dungeon, and saw 4 of its levels.

You collected 192 gold pieces.

Inventory:

Hand Weapons
 l - a +0 short sword (weapon)
Missiles
 e - 49 arrows
 h - 30 sling bullets
 i - 118 stones (quivered)
Armour
 b - a +0 robe (worn)
 c - a scarf of resistance (worn)
Jewellery
 n - a ring of stealth (left hand)
Scrolls
 q - a scroll of amnesia
Potions
 f - 3 potions of heal wounds
 j - 2 potions of brilliance
 k - a potion of haste
 m - a potion of resistance {unknown}
 o - a potion of degeneration {unknown}
 p - a potion of lignification {unknown}
Books
 a - a book of Maledictions

   Spells                             Type                      Level
   a - Corona                         Hexes                        1
   b - Ensorcelled Hibernation        Hexes/Ice                    2
   c - Confuse                        Hexes                        3
   d - Tukima's Dance                 Hexes                        3
   e - Dazzling Spray                 Conjuration/Hexes            3
Comestibles
 d - 4 bread rations


   Skills:
 - Level 1.0 Fighting
 * Level 0.9 Short Blades
   Level 2.1 Maces & Flails
 - Level 1.0 Throwing
 * Level 4.2 Dodging
 * Level 2.5 Stealth
 * Level 2.6 Spellcasting
 * Level 1.7 Hexes
   Level 1.5 Translocations
   Level 1.3 Evocations


You had 5 spell levels left.
You knew the following spells:

 Your Spells              Type           Power        Failure   Level  Hunger
a - Confuse               Hex            #.......     36%         3    ###....


Dungeon Overview and Level Annotations

Branches:
Dungeon (4/15)
 Temple: D:4-7

Altars:
Trog
Uskayaw
Vehumet

Annotations:
D:2 Jessica


Innate Abilities, Weirdness & Mutations

You are very small and have problems with some larger weapons.
You are too small for most types of armour.
You have supernaturally acute eyesight. (SInv)
You are a herbivore.
You cover ground extremely quickly.
You need consume almost no food.


Message History

You hit the adder.
The adder is almost dead.
The adder misses you. The adder bites you.
You are poisoned.
The adder poisons you!
You closely miss the adder.
The adder is almost dead.
You feel sick. The adder bites you.
You miss the adder.
The adder is almost dead.
You feel sick. The adder misses you. The adder barely misses you.
You barely miss the adder.
The adder is almost dead.
The adder barely misses you.
You hit the adder.
You kill the adder!
You feel sick. The killer bee completely misses you.
You feel sick. The killer bee stings you!
You die...

.............
..............
#............
#..$........
#..........#
#..........#
+.....#....##.#
#...#a##......#
#####†##@.#
#.###y# #.....#
#######


You could see a killer bee.

Vanquished Creatures
  3 adders
  A worm (D:3)
  2 dart slugs
  2 leopard geckos
  An orc (D:3)
  5 giant cockroaches
  4 goblins
  5 hobgoblins
  3 jackals (D:3)
  A ball python (D:1)
  7 bats
  4 frilled lizards
  5 kobolds
  7 rats
50 creatures vanquished.

Notes
Turn   | Place    | Note
-------+----------+-------------------------------------------
     0 | D:1      | Chiseanne the Spriggan Wanderer began the quest for the Orb.
     0 | D:1      | Chiseanne set off with: a book of Maledictions, a +0 robe, a +0 mace, a bread ration
     0 | D:1      | Reached XP level 1. HP: 9/9 MP: 3/3
   524 | D:1      | Reached XP level 2. HP: 14/14 MP: 5/5
   610 | D:1      | Reached skill level 1 in Stealth
  1225 | D:3      | Found a faded altar of an unknown god.
  1336 | D:3      | Noticed a dagger
  1337 | D:3      | Noticed a hand axe
  1337 | D:3      | Found a hide-covered altar of Uskayaw.
  1345 | D:3      | Reached skill level 1 in Fighting
  1423 | D:3      | Reached XP level 3. HP: 8/18 MP: 7/7
  1594 | D:3      | Learned a level 3 spell: Confuse
  1708 | D:2      | Noticed Jessica
  1718 | D:2      | Found a radiant altar of Vehumet.
  1945 | D:2      | Found a bloodstained altar of Trog.
  2424 | D:2      | Reached skill level 4 in Dodging
  2541 | D:3      | Reached XP level 4. HP: 19/22 MP: 8/8
  3233 | D:4      | Slain by a killer bee

Vault maps used:
D:1:      minmay_arrival_wavy_path
D:2:      old_standard_altar, trog_book, uniq_jessica
D:3:      dancing_weapons_uskayaw, chequers_ecumenical_altar_simple_redux,
          first_bread
D:4:      lemuel_coloured_pillars_altar, tgw_xom

Skill      XL: |  1  2  3 |
---------------+----------+-----
Stealth        | 1 2 |  2.5
Spellcasting   | 2 |  2.6
Fighting       | 1 |  1.0
Dodging        | 4 |  4.2
Short Blades   | |  0.9
Maces & Flails | |  2.1
Throwing       | |  1.0
Hexes          | |  1.7
Translocations | |  1.5
Evocations     | |  1.3

Action                   |  1- 3 |  4- 6 || total
-------------------------+-------+-------++-------
Melee: Mace              |    57 |       ||    57
       Short sword       |   103 |    42 ||   145
 Cast: Confuse           |       |     3 ||     3
  Use: Scroll            |     8 |     3 ||    11
       Potion            |       |     1 ||     1
 Stab: Sleeping          |     3 |     2 ||     5
       Distracted        |     1 |       ||     1
  Eat: Fruit             |       |     3 ||     3
       Royal jelly       |       |     1 ||     1
Armor: Robe              |    16 |     4 ||    20
Dodge: Dodged            |   177 |    24 ||   201

Table legend:
 A = Spawn XP
 B = Non-spawn XP
 C = Spawn XP percentage of total XP
 D = Spawn monster count
 E = Non-spawn monster count
 F = Spawn count percentage of total count
 G = Total turns spent on level
                    A         B        C        D         E        F      G
               +---------+---------+-------+---------+---------+-------+---------
         Total |      11 |     114 |   8.8 |       5 |      45 |  10.0 |  3233
               +---------+---------+-------+---------+---------+-------+---------
           D:1 |       3 |      26 |  10.3 |       2 |      17 |  10.5 |  1003
           D:2 |       4 |      33 |  10.8 |       1 |      13 |   7.1 |   804
           D:3 |       4 |      42 |   8.7 |       2 |      14 |  12.5 |  1397
           D:4 |       0 |      13 |   0.0 |       0 |       1 |   0.0 |    29
               +---------+---------+-------+---------+---------+-------+---------
